 Dungeon Crawl Stone Soup version 0.29-a0-885-gb26ba3297d (webtiles) character file.

Game seed: 14312236385637829390

151 oldmanjim the Insei (level 5, -10/33 HPs)
             Began as an Octopode Transmuter on July 21, 2022.
             Killed from afar by Ijyb (11 damage)
             ... with a puff of flame
             ... on level 3 of the Dungeon.
             The game lasted 00:14:03 (3513 turns).

oldmanjim the Insei (Octopode Transmuter)           Turns: 3513, Time: 00:14:04

Health: -10/33     AC:  2    Str:  9    XL:     5   Next: 33%
Magic:  7/9        EV: 19    Int: 18    God:
Gold:   198        SH:  0    Dex: 17    Spells: 6/10 levels left

rFire   . . .      SeeInvis .     - Unarmed
rCold   . . .      Faith    .   (shield currently unavailable)
rNeg    + . .      Spirit   .   (helmet currently unavailable)
rPois   x          Reflect  .   (no amulet)
rElec   .          Harm     .   e - ring of positive energy
rCorr   .          Rampage  .   (no ring)
Will    .....                   (no ring)
Stlth   ++........              (no ring)
HPRegen 0.11/turn               (no ring)
MPRegen 0.11/turn               (no ring)
                                (no ring)
                                (no ring)

@: spider-form (expiring)
A: venomous fangs, almost no armour, (amphibious), 8 rings, tiny, (camouflage
1), (gelatinous body 1), (nimble swimmer 1), (tentacles)
a: End Transformation


You were on level 3 of the Dungeon.
You were a venomous arachnid creature.
You visited 1 branch of the dungeon, and saw 3 of its levels.

You collected 198 gold pieces.

Inventory:

Hand Weapons
 b - a +0 spear of venom
Missiles
 f - 27 stones (quivered)
 k - 4 poisoned darts
Armour
 m - the +1 kite shield of Marbles {Fly}
   (You found it on level 3 of the Dungeon)

   Fly:       It grants you flight.
Jewellery
 e - a ring of positive energy (left front leg)
Scrolls
 a - 2 scrolls of enchant armour {unknown}
 c - 3 scrolls of identify {unknown}
 d - 3 scrolls of enchant weapon {unknown}
 g - a scroll of vulnerability {unknown}
 h - 2 scrolls of teleportation {unknown}
 i - 3 scrolls of blinking {unknown}
 j - a scroll of fog {unknown}
Potions
 l - a potion of degeneration {unknown}
 n - a potion of haste {unknown}


   Skills:
 + Level 1.1 Fighting
 - Level 2.0 Dodging
 - Level 4.0 Unarmed Combat
 - Level 3.0 Spellcasting
 + Level 3.8 Transmutations
 + Level 0.2 Poison Magic


You had 6 spell levels left.
You knew the following spells:

 Your Spells              Type           Power      Damage    Failure   Level
a - Beastly Appendage     Tmut           32%        N/A       11%         1
b - Spider Form           Tmut/Pois      10%        N/A       43%         3

Your spell library contained the following spells:

 Spells                   Type           Power      Damage    Failure   Level
 Wereblood                Tmut           16%        N/A       14%         2
 Passwall                 Tmut/Erth      7%         N/A       26%         2
 Apportation              Tloc           4%         N/A       34%         1
 Necrotise                Necr           8%         1d4       34%         1
 Sandblast                Erth           4%         2d4       34%         1
 Shock                    Conj/Air       8%         1d3       34%         1
 Summon Small Mammal      Summ           8%         N/A       34%         1
 Stone Arrow              Conj/Erth      4%         3d7       65%         3
 Swiftness                Air            2%         N/A       65%         3
 Ice Form                 Ice/Tmut       9%         N/A       78%         4
 Airstrike                Air            1%         0-2+      95%         4


Dungeon Overview and Level Annotations

Branches:
Dungeon (3/15)

Altars:
Uskayaw

Annotations:
D:3 1 runed translucent door, Crazy Yiuf, Ijyb


Innate Abilities, Weirdness & Mutations

You are a venomous arachnid creature.
You have poisonous fangs.
You are tiny and dextrous.
Your spellcasting is less reliable in this form.
Your armour is entirely melded.
You are incapable of wielding weapons or throwing items.
You cannot wear most types of armour.
((You are amphibious.))
You can wear up to eight rings at the same time.
((Your skin changes colour to match your surroundings (Stealth+).))
((Your rubbery body absorbs attacks. (AC +1, EV +1)))
((You are camouflaged when in or above water. (Stealth+)))
((You have tentacles for arms and can constrict up to eight enemies at once.))


Message History

Ijyb and a quokka come into view.
Ijyb is wielding a +0 club and carrying a wand of flame (28).
Your tentacle spike disappears.
Found a scroll labelled BUCORU TUHIS.
Casting: Beastly Appendage (safe; 3% risk of failure)
Confirm with . or Enter, or press ? or * to list all spells.
The spell is quite dangerous to miscast (22% risk of failure)!
Continue anyway? [Y]es or [N]o only, please.
The spell is quite dangerous to miscast (22% risk of failure)!
Continue anyway?
You turn into a venomous arachnid creature.
Ijyb shouts!
A ball python comes into view.
The quokka barely misses you. Ijyb hits you with a +0 club.
The ball python hisses angrily.
You hit Ijyb but do no damage. The quokka completely misses you.
Ijyb zaps a wand.
The puff of flame hits you!
You barely miss Ijyb.
Your transformation is almost over.
The quokka completely misses you. Ijyb misses you.
You barely miss Ijyb. The quokka bites you. The quokka misses you.
Ijyb closely misses you.
You barely miss Ijyb. The quokka barely misses you.
You hit Ijyb but do no damage.
Ijyb is poisoned.
Ijyb zaps a wand.
The puff of flame hits you!
* * * LOW HITPOINT WARNING * * *
The quokka closely misses you. The ball python barely misses you. x2
You hit the ball python.
The ball python is poisoned.
The ball python is moderately wounded.
You kill the ball python!
Ijyb misses you.
The quokka bites you but does no damage.
You hit Ijyb.
Ijyb looks as sick as possible!
Ijyb is moderately wounded.
Ijyb zaps a wand.
The puff of flame misses you. The quokka bites you.
* * * LOW HITPOINT WARNING * * *
Unknown command.
You hit Ijyb.
Ijyb looks as sick as possible!
Ijyb is heavily wounded.
Ijyb zaps a wand.
The puff of flame hits you!
You die...

## ....##.#. ... ..#.##
#...####. ...
..#...####†#.# #. ....
..#......#...####. ...?.
#.##.. #.#....##..
.....##.###.##...#..#...
.........##.........#...
......†g.###....#.....##
......rs.###.##.......##
.........#...##.........
##......................
#........###...........
#...............#####..
#........#........# #..
..........#........# ##.
##.####.#..........###..
#. ####..............


You could see Ijyb (extremely poisoned) and a quokka.

Vanquished Creatures
  A scorpion (D:2)
  4 adders (D:2)
  A worm (D:2)
  A dart slug (D:1)
  2 orcs (D:3)
  7 bats
  6 endoplasms
  5 giant cockroaches
  3 goblins
  4 hobgoblins
  3 quokkas
  3 ball pythons
  3 frilled lizards
  6 kobolds
  3 rats
  A spectral kobold (D:1)
53 creatures vanquished.

Notes
Turn   | Place    | Note
-------+----------+-------------------------------------------
     0 | D:1      | oldmanjim the Octopode Transmuter began the quest for the
                  | Orb.
     0 | D:1      | Reached XP level 1. HP: 13/13 MP: 3/3
   352 | D:1      | Reached XP level 2. HP: 18/18 MP: 3/5
  1186 | D:1      | Reached XP level 3. HP: 23/23 MP: 2/6
  1190 | D:1      | Learned a level 3 spell: Spider Form
  1268 | D:1      | Found a faded altar of an unknown god.
  1777 | D:2      | Found a hide-covered altar of Uskayaw.
  1976 | D:2      | Reached XP level 4. HP: 4/28 MP: 6/8
  1979 | D:2      | HP: 2/42 [poisoned by an adder]
  2468 | D:2      | You fall into a shaft and drop 1 floor!
  2705 | D:2      | Reached skill level 4 in Unarmed Combat
  2846 | D:2      | Noticed a scorpion
  2854 | D:2      | Killed a scorpion
  2855 | D:2      | Reached XP level 5. HP: 26/33 MP: 7/9
  3146 | D:3      | Identified the +1 kite shield of Marbles {Fly}
  3240 | D:3      | Found a runed translucent door.
  3241 | D:3      | Noticed Crazy Yiuf
  3493 | D:3      | Noticed Ijyb
  3512 | D:3      | HP: 1/33 [quokka (5)]
  3513 | D:3      | Killed from afar by Ijyb

Illustrated notes

Levels and vault maps discovered:
D:1:      elethiomel_arrival_shortcut, layout_loops_ring,
          dreamdust_ecumenical_altar_drowned_temple, nrook_mini_backslash
D:2:      minmay_chambers_of_twos, layout_loops_ring, basic_altar
D:3:      layout_rooms, serial_aquarium, aquarium_bridge_island_small
          [aquarium_subvault_small_open, aquarium_subvault_window,
          aquarium_subvault_wall, aquarium_subvault_bridge,
          aquarium_subvault_window], aquarium_bridge_square
          [aquarium_subvault_window, aquarium_subvault_bridge,
          aquarium_subvault_balcony, aquarium_subvault_window],
          aquarium_window_1, aquarium_window_2, aquarium_view_2f,
          aquarium_balcony_double_2, uniq_crazy_yiuf_cottage, uniq_ijyb

Skill      XL: |  1  2  3  4 |
---------------+-------------+-----
Unarmed Combat | 4 |  4.0
Transmutations | 3 |  3.8
Spellcasting   | 3 |  3.0
Fighting       | |  1.1
Dodging        | |  2.0
Poison Magic   | |  0.2

Action                   |  1- 3 |  4- 6 || total
-------------------------+-------+-------++-------
Melee: Unarmed           |    77 |    47 ||   124
       Constrict         |    17 |     9 ||    26
       Kick              |    16 |    16 ||    32
       Tentacles         |    13 |    12 ||    25
       Punch             |     2 |     2 ||     4
Throw: Stone             |     1 |     3 ||     4
       Dart              |       |     4 ||     4
 Cast: Beastly Appendage |    25 |    12 ||    37
       Spider Form       |       |     1 ||     1
  Use: Potion            |       |     1 ||     1
 Stab: Sleeping          |     8 |     3 ||    11
Armor: Skin              |    11 |     5 ||    16
Dodge: Dodged            |    59 |    40 ||    99

Table legend: (Time is in decaauts)
 A = Elapsed time spent in this place.
 B = Non-inter-level travel time spent in this place.
 C = Inter-level travel time spent in this place.
 D = Time resting spent in this place.
 E = Time spent auto-exploring this place.
 F = Levels seen in this place.
 G = Mean time per level.
                   A        B        C        D        E       F      G
               +--------+--------+--------+--------+--------+-----+--------+
         Total |   3503 |   3381 |    122 |    185 |   2725 |   3 | 1167.7 |
       Dungeon |   3503 |   3381 |    122 |    185 |   2725 |   3 | 1167.7 |
               +--------+--------+--------+--------+--------+-----+--------+

Top non-repeatable levels by time:
     D:2: 1610 daAuts
     D:1: 1459 daAuts
     D:3: 434 daAuts
